 Dungeon Crawl Stone Soup version 0.31-a0-325-g067879e3d3 (webtiles) character file.

Game seed: 9916253159451374325

335 RepHenryClay the Conjurer (level 6, -1/36 HPs)
             Began as an Octopode Conjurer on July 18, 2023.
             Slain by an orc
             ... wielding a +1 short sword of protection
              (6 damage)
             ... on level 4 of the Dungeon.
             The game lasted 00:05:10 (4059 turns).

RepHenryClay the Conjurer (Octopode Conjurer)       Turns: 4059, Time: 00:05:11

Health: -1/36      AC:  1    Str:  6    XL:     6   Next: 53%
Magic:  8/9        EV: 14    Int: 21    God:
Gold:   229        SH:  0    Dex: 12    Spells: 2/9 levels left

rFire   + . .        a - staff of conjuration
rCold   + . .        (no shield)
rNeg    . . .        (helmet restricted)
rPois   +            (no amulet)
rElec   +            j - ring of flight
rCorr   +            (no ring)
SInv    .            (no ring)
Will    .....        (no ring)
Stlth   +++          (no ring)
HPRegen 0.26/turn    (no ring)
MPRegen 0.11/turn    (no ring)
                     (no ring)

%: no passive effects
@: resistant, flying
A: almost no armour, amphibious, 8 rings, camouflage 1, gelatinous body 1,
(nimble swimmer 1), tentacles
a: no special abilities


You were on level 4 of the Dungeon.
You visited 1 branch of the dungeon, and saw 4 of its levels.

You collected 229 gold pieces.

Inventory:

Hand Weapons
 i - a +0 short sword of venom
Magical Staves
 a - a staff of conjuration (weapon)
Jewellery
 j - a ring of flight (left tentacle)
Wands
 t - a wand of paralysis (13)
Scrolls
 d - 3 scrolls of identify {unknown}
 e - 2 scrolls of teleportation {unknown}
 h - 3 scrolls of amnesia {unknown}
 k - a scroll of fog {unknown}
 l - 5 scrolls of vulnerability {unknown}
 o - a scroll of enchant armour {unknown}
 p - 2 scrolls of blinking {unknown}
 q - a scroll of enchant weapon {unknown}
 r - a scroll of revelation {unknown}
 s - a scroll of noise {unknown}
 u - 3 scrolls of brand weapon {unknown}
Potions
 b - a potion of magic
 f - a potion of resistance
 g - a potion of enlightenment {unknown}
 m - a potion of curing
 n - a potion of invisibility {unknown}


   Skills:
 + Level 4.9 Dodging
 - Level 2.6 Stealth
 - Level 2.0 Spellcasting
 + Level 6.1 Conjurations


You had 2 spell levels left.
You knew the following spells:

 Your Spells              Type           Power      Damage    Failure   Level
a - Magic Dart            Conj           100%       1d8       1%          1
b - Searing Ray           Conj           82%        2d7       1%          2
c - Iskenderun's Mystic   Conj/Tloc      22%        2d6       38%         4

Your spell library contained the following spells:

 Spells                   Type           Power      Damage    Failure   Level
 Summon Small Mammal      Summ           8%         N/A       14%         1
 Sublimation of Blood     Necr           2%         N/A       22%         2
 Wereblood                Tmut           2%         N/A       22%         2
 Dazzling Flash           Conj/Hex       44%        N/A       13%         3
 Fulminant Prism          Conj/Hex       11%        3d9       38%         4
 Call Canine Familiar     Summ           2%         N/A       41%         3
 Portal Projectile        Hex/Tloc       4%         N/A       41%         3
 Irradiate                Conj/Tmut      11%        3d15      75%         5
 Leda's Liquefaction      Hex/Erth       1%         N/A       82%         4
 Petrify                  Tmut/Erth      2%         N/A       82%         4


Dungeon Overview and Level Annotations

Branches:
Dungeon (4/15)
 Temple: D:4-7

Altars:
Gozag
The Shining One

Shops:
D:1 =   D:4 [

Annotations:
D:3 Robin


Innate Abilities, Weirdness & Mutations

You cannot wear most types of armour.
You are amphibious.
You can wear up to eight rings at the same time.
Your skin changes colour to match your surroundings (Stealth+).
Your rubbery body absorbs attacks. (AC +1, EV +1)
((You are camouflaged when in or above water. (Stealth+)))
You have tentacles for arms and can constrict up to eight enemies at once.


Message History

You feel less confused.
You hit the orc priest but do no damage.
Your grab misses the orc priest.
The orc priest is severely wounded.
The orc priest invokes the aid of Beogh against you.
Beogh smites you!
* * * LOW HITPOINT WARNING * * *
The orc hits you with a +1 short sword of protection.
* * * LOW HITPOINT WARNING * * *
Huge Dmg: -42%(-15hp) hp: 17%(6hp)
Casting: Searing Ray (safe; 1% risk of failure)
Confirm with . or Enter, or press ? or * to list all spells.
The spell is extremely dangerous to miscast (38% risk of failure)!
Continue anyway?
Okay, then.
Casting: Iskenderun's Mystic Blast (extremely dangerous; 38% risk of failure)
Confirm with . or Enter, or press ? or * to list all spells.
Aiming: Searing Ray (safe; 1% risk of failure)
Press: ? - help, Shift-Dir - straight line, f - orc priest, p - orc
Aim: an orc priest, wielding a +0 whip and wearing a +0 leather armour (severely wounded, 82% to hit)
You feel a surge of power!
The searing ray hits the orc priest!
You kill the orc priest! (Press . to maintain the ray.)
The orc barely misses you.
Unknown command.
You hit the orc. You grab the orc. You squeeze the orc.
The orc is heavily wounded.
You constrict the orc, but do no damage.
The orc hits you with a +1 short sword of protection.
* * * LOW HITPOINT WARNING * * *
Huge Dmg: -8%(-3hp) hp: 12%(4hp)
You hit the orc but do no damage.
The orc is heavily wounded.
You constrict the orc, but do no damage.
The orc misses you. The orc completely misses you.
Okay, then.
You hit the orc but do no damage.
The orc is heavily wounded.
You constrict the orc, but do no damage.
The orc hits you with a +1 short sword of protection.
You die...

..#.....# ##..########.....#...#.
###.....# #....)#####.....##..#.
........# #.###........[........
........# #.# ##########.###..##
........######.# #.###..#
............#... #......##
........#.########### ####.#...
###.....#.# #......########.#.#.#.
#.......####...@)..........#.#.#.
#................o..........#.#.#.
#.####.######.#####.........#.#...
#. #.# #.# #.............#. # #.#
#.# #).......##.#.#. # #.#
#........##.#... #.#
#........##.###.
#..............##.....
......#........#######


You could see an orc.

Vanquished Creatures
  A scorpion (D:4)
  2 orc priests (D:4)
  Jessica (D:2)
  Ijyb (D:4)
  5 gnolls
  3 adders
  4 dart slugs
  An orc (D:4)
  5 bats
  6 endoplasms
  6 giant cockroaches
  10 hobgoblins
  3 jackals (D:3)
  5 quokkas
  10 ball pythons
  2 frilled lizards (D:2)
  6 goblins
  8 kobolds
  9 rats
88 creatures vanquished.

Notes
Turn   | Place    | Note
-------+----------+-------------------------------------------
     0 | D:1      | RepHenryClay the Octopode Conjurer began the quest for the
                  | Orb.
     0 | D:1      | Reached XP level 1. HP: 11/11 MP: 3/3
   142 | D:1      | Reached XP level 2. HP: 17/17 MP: 1/5
   221 | D:1      | Found Neus's Jewellery Boutique.
   519 | D:1      | Reached XP level 3. HP: 21/21 MP: 1/6
  1048 | D:2      | Got the Papyrus of the Geological Union
  1190 | D:2      | Reached XP level 4. HP: 27/27 MP: 5/7
  1644 | D:2      | Noticed Jessica
  1647 | D:2      | Killed Jessica
  1648 | D:2      | Reached skill level 5 in Conjurations
  2416 | D:3      | Reached XP level 5. HP: 31/31 MP: 4/8
  2418 | D:3      | Noticed Robin
  2767 | D:3      | Found a glowing golden altar of the Shining One.
  2767 | D:3      | Found an opulent altar of Gozag.
  3209 | D:4      | Reached XP level 6. HP: 7/36 MP: 3/9
  3214 | D:4      | HP: 1/36 [poisoned by a scorpion]
  3413 | D:4      | Noticed Ijyb
  3421 | D:4      | Paralysed by Ijyb for 2 turns
  3430 | D:4      | Killed Ijyb
  3462 | D:4      | Learned a level 2 spell: Searing Ray
  3467 | D:4      | Learned a level 4 spell: Iskenderun's Mystic Blast
  3979 | D:4      | Found Duim's Antique Armour Boutique.
  4042 | D:4      | Reached skill level 6 in Conjurations
  4059 | D:4      | Slain by an orc

Illustrated notes

Levels and vault maps discovered:
D:1:      dpeg_arrival_tiny_k, layout_rooms, serial_shops, shop, minmay_unequal
D:2:      layout_loops_ring, serial_co_window_serial,
          co_window_of_opportunity_a, co_window_of_opportunity_a,
          co_window_paths_a, co_window_of_opportunity_a, co_window_corner_a,
          co_window_paths_b, co_window_paths_a, co_window_2corner,
          co_window_corner_ca, co_window_unsneaky_path_a, co_window_corner_b,
          co_window_corner_b, glass_columns_b, glass_columns_b, minivault_25,
          minmay_misc_feat_encased, uniq_jessica
D:3:      layout_rooms, jmf_multi_god_temple, uniq_robin
D:4:      layout_basic, serial_shops, nicolae_shop_back_alley_shop,
          grunt_ministairs_7, uniq_ijyb

Skill      XL: |  1  2  3  4  5  6 |
---------------+-------------------+-----
Dodging        | 3 4 |  4.9
Conjurations   | 5 6 |  6.1
Stealth        | |  2.6
Spellcasting   | |  2.0

Action                     |  1- 3 |  4- 6 || total
---------------------------+-------+-------++-------
  Melee: Unarmed           |    13 |       ||    13
         Constrict         |     4 |    13 ||    17
         Tentacles         |     2 |    13 ||    15
         Staff             |       |    40 ||    40
   Cast: Magic Dart        |    53 |   107 ||   160
         Searing Ray       |       |     3 ||     3
    Use: Potion            |       |     3 ||     3
   Stab: Sleeping          |       |     2 ||     2
 Armour: Skin              |     1 |     3 ||     4
  Dodge: Dodged            |     9 |    43 ||    52

Table legend: (Time is in decaauts)
 A = Elapsed time spent in this place.
 B = Non-inter-level travel time spent in this place.
 C = Inter-level travel time spent in this place.
 D = Time resting spent in this place.
 E = Time spent auto-exploring this place.
 F = Levels seen in this place.
 G = Mean time per level.
                   A        B        C        D        E       F      G
               +--------+--------+--------+--------+--------+-----+--------+
         Total |   4065 |   3969 |     96 |    134 |   3361 |   4 | 1016.2 |
       Dungeon |   4065 |   3969 |     96 |    134 |   3361 |   4 | 1016.2 |
               +--------+--------+--------+--------+--------+-----+--------+

Top non-repeatable levels by time:
     D:2: 1146 daAuts
     D:4: 1132 daAuts
     D:1: 1018 daAuts
     D:3: 767 daAuts
